 Dungeon Crawl Stone Soup version 0.28-a0-1555-g9ae15a6949 (webtiles) character file.

Game seed: 17839653424343185043

338 psuckher the Sneak (level 6, -7/52 HPs)
             Began as a Draconian Delver on Jan 18, 2022.
             Mangled by a lemure (8 damage)
             ... led by Pikel
             ... on level 4 of the Dungeon.
             The game lasted 00:19:31 (3974 turns).

psuckher the Sneak (Draconian Delver)               Turns: 3974, Time: 00:19:32

Health: -7/52      AC:  6    Str: 17    XL:     6   Next: 29%
Magic:  6/6        EV: 12    Int: 10    God:
Gold:   133        SH:  0    Dex: 12    Spells: 5/5 levels left

rFire   . . .      SeeInvis .   n - +1 short sword (speed)
rCold   . . .      Faith    .   (no shield)
rNeg    . . .      Spirit   .   (armour unavailable)
rPois   .          Reflect  .   (helmet restricted)
rElec   .          Harm     .   (no cloak)
rCorr   .          Rampage  .   (no gloves)
Will    .....                   (no boots)
Stlth   +++.......              i - amulet of the acrobat
HPRegen 0.17/turn               (no ring)
MPRegen 0.10/turn               (no ring)

@: about to teleport, slowed, very slow
A: AC +6, unfitting armour, cold-blooded
a: no special abilities


You were on level 4 of the Dungeon.
You visited 1 branch of the dungeon, and saw 5 of its levels.

You collected 133 gold pieces.

Inventory:

Hand Weapons
 a - a +0 short sword
 g - a +0 hunting sling
 n - a +1 short sword of speed (weapon)
 p - a +0 hunting sling
 t - a +2 rapier of holy wrath
Jewellery
 i - an amulet of the acrobat (around neck)
Wands
 f - a wand of digging (3)
 h - a wand of iceblast (6)
Scrolls
 b - 2 scrolls of fog
 c - 3 scrolls of magic mapping
 d - a scroll of fear
 o - a scroll of amnesia {unknown}
 s - a scroll of vulnerability {unknown}
Potions
 e - a potion of haste
 l - a potion of mutation {unknown}
 q - a potion of cancellation {unknown}
 r - 3 potions of curing {unknown}
 u - a potion of attraction {unknown}


   Skills:
 + Level 4.1 Fighting
 + Level 4.4 Short Blades
 + Level 2.8 Dodging
 + Level 5.8 Stealth


You had 5 spell levels left.
You didn't know any spells.
Your spell library contained the following spells:

 Spells                   Type           Power      Damage    Failure   Level
 Dazzling Flash           Conj/Hex       0%         N/A       75%         3
 Iskenderun's Mystic Bla  Conj/Tloc      0%         2d3       98%         4
 Starburst                Conj/Fire      0%         6d3       100%        6


Dungeon Overview and Level Annotations

Branches:
Dungeon (5/15)
 Temple: D:4-7

Altars:
Trog

Shops:
D:2 *[*((   D:3 *

Annotations:
D:4 Pikel


Innate Abilities, Weirdness & Mutations

Your plain brown scales are hard. (AC +6)
You cannot fit into any form of body armour.
You are cold-blooded and may be slowed by cold attacks.


Message History

Pikel is lightly wounded.
Pikel closely misses you.
You hit Pikel. You tail-slap Pikel, but do no damage.
Pikel is moderately wounded.
You barely miss Pikel.
Pikel is moderately wounded.
Pikel barely misses you.
You closely miss Pikel.
Pikel is moderately wounded.
You hit Pikel but do no damage.
Pikel is moderately wounded.
Pikel hits you with a +0 whip of freezing.
You feel yourself slow down. Pikel freezes you.
You hit Pikel.
Pikel is moderately wounded.
Pikel hits you with a +0 whip of freezing.
You feel as though you will be slow longer.
Pikel freezes you.
You closely miss Pikel.
Pikel is moderately wounded.
Pikel hits you with a +0 whip of freezing!
* * * LOW HITPOINT WARNING * * *
Pikel freezes you.
* * * LOW HITPOINT WARNING * * *
You barely miss Pikel.
Pikel is moderately wounded.
Pikel hits you with a +0 whip of freezing.
* * * LOW HITPOINT WARNING * * *
You feel as though you will be slow longer.
Pikel freezes you.
* * * LOW HITPOINT WARNING * * *
As you read the scroll of teleportation, it crumbles to dust.
You feel strangely unstable.
Pikel hits you with a +0 whip of freezing.
* * * LOW HITPOINT WARNING * * *
You feel as though you will be slow longer.
Pikel freezes you.
* * * LOW HITPOINT WARNING * * *
The lemure hits you!
You die...

...##.######### . #..<....
...##.#.......####...#. #.#####.
...#....#####......... #. .
........#............## # .
...........##...>.....# # .
........#..##.####...# # ..
........#..##.####..†##. #.
###.#.........##.Ks....# #.
###.#......#.###@#...#.# # #.#
....#..##.##.# #5# ..#.#### #..##
##........##.###.# ......###.#
##.##..####......# #.##.#....##
.......# #..###.#####.##.#.###.#
#..###.......###..............##.
...# #####.#.......###.#.#.#.##.
#### #.#.##.##.....#.#...... #
###.#.##......###.#†..###


You could see Pikel, a lemure and a scorpion.

Vanquished Creatures
  Sigmund (D:4)
  2 lemures (D:4)
  2 hound skeletons
  Robin (D:2)
  4 adders
  An adder skeleton (D:4)
  A worm (D:4)
  4 dart slugs
  An orc (D:3)
  7 ball pythons
  4 endoplasms
  6 giant cockroaches
  15 goblins
  10 hobgoblins
  6 kobolds
  A quokka (D:1)
  5 bats
  4 frilled lizards
  5 rats
80 creatures vanquished.

Notes
Turn   | Place    | Note
-------+----------+-------------------------------------------
     0 | D:5      | psuckher the Draconian Delver began the quest for the Orb.
     0 | D:5      | Reached XP level 1. HP: 19/19 MP: 1/1
    30 | D:5      | Reached XP level 2. HP: 13/26 MP: 2/2
   191 | D:4      | Reached skill level 5 in Stealth
   363 | D:3      | Reached XP level 3. HP: 31/31 MP: 3/3
   647 | D:3      | Found Repuddeop's General Store.
   729 | D:3      | Found a bloodstained altar of Trog.
  1128 | D:2      | Found Cusad's Assorted Antiques.
  1231 | D:2      | Reached XP level 4. HP: 32/40 MP: 4/4
  1240 | D:2      | Found Honiseha's Weapon Boutique.
  1256 | D:2      | Found Duyxzy's Armour Shoppe.
  1506 | D:2      | Found a faded altar of an unknown god.
  1691 | D:2      | Found Rido's Assorted Antiques.
  2191 | D:2      | Noticed Robin
  2219 | D:2      | Killed Robin
  2222 | D:2      | Found Jeug's Antique Weapon Emporium.
  2360 | D:1      | Reached XP level 5. HP: 45/46 MP: 5/5
  3396 | D:4      | Noticed Sigmund
  3412 | D:4      | Killed Sigmund
  3413 | D:4      | Reached XP level 6. HP: 12/52 MP: 6/6
  3952 | D:4      | Noticed Pikel
  3974 | D:4      | HP: 2/52 [Pikel (2)]
  3974 | D:4      | Mangled by a lemure

Illustrated notes

Levels and vault maps discovered:
D:1:      minmay_arrival_four_loops, layout_basic, minmay_misc_feat_enclosed
D:2:      layout_basic, serial_shops, shop, shop, shop, shop_fountains,
          shop_statue, hellmonk_ecumenical_altar_leap_of_faith, uniq_robin
D:3:      layout_rooms, trog_three_pillars_becter, serial_shops, shop_fountains,
          grunt_ministairs_10, minmay_door_square, minmay_strange_pillars
D:4:      layout_loops_cross, uniq_pikel, uniq_sigmund
D:5:      layout_loops_corners, mainiacjoe_overflow_swirl

Skill      XL: |  1  2  3  4  5 |
---------------+----------------+-----
Stealth        | 5 |  5.8
Dodging        | 2 |  2.8
Short Blades   | 3 4 |  4.4
Fighting       | 4 |  4.1

Action                   |  1- 3 |  4- 6 || total
-------------------------+-------+-------++-------
Melee: Short sword       |   101 |   212 ||   313
       Tailslap          |    13 |    25 ||    38
       Punch             |     1 |     3 ||     4
Evoke: Wand              |     1 |     1 ||     2
  Use: Scroll            |       |     3 ||     3
       Potion            |       |     2 ||     2
 Stab: Sleeping          |     2 |     6 ||     8
Armor: Skin              |    24 |    32 ||    56
Dodge: Dodged            |    56 |   125 ||   181

Table legend: (Time is in decaauts)
 A = Elapsed time spent in this place.
 B = Non-inter-level travel time spent in this place.
 C = Inter-level travel time spent in this place.
 D = Time resting spent in this place.
 E = Time spent auto-exploring this place.
 F = Levels seen in this place.
 G = Mean time per level.
                   A        B        C        D        E       F      G
               +--------+--------+--------+--------+--------+-----+--------+
         Total |   3872 |   3201 |    671 |    123 |      0 |   5 |  774.4 |
       Dungeon |   3872 |   3201 |    671 |    123 |      0 |   5 |  774.4 |
               +--------+--------+--------+--------+--------+-----+--------+

Top non-repeatable levels by time:
     D:2: 1237 daAuts
     D:1: 921 daAuts
     D:3: 807 daAuts
     D:4: 725 daAuts
     D:5: 181 daAuts
